 Dungeon Crawl Stone Soup version 0.26-a0-597-gb535b0901c (webtiles) character file.

Game seed: 18016254705297053573

67 Descartes the Scratcher (level 3, -1/16 HPs)
             Began as a Felid Transmuter on Aug 26, 2020.
             Slain by an adder (2 damage)
             ... on level 2 of the Dungeon.
             The game lasted 00:01:25 (1616 turns).

Descartes the Scratcher (Felid Transmuter)          Turns: 1616, Time: 00:01:25

Health: -1/16      AC:  1    Str:  7    XL:     3   Next: 98%
Magic:  7/7        EV: 19    Int: 14    God:
Gold:   126        SH:  0    Dex: 22    Spells: 5/6 levels left
                                        Lives:  0   Deaths: 0

rFire    . . .     SeeInvis +     - Unarmed
rCold    . . .     Faith    .   (shield unavailable)
rNeg     . . .     Spirit   .   (armour unavailable)
rPois    .         Reflect  .   (helmet unavailable)
rElec    .         Harm     .   (cloak unavailable)
rCorr    .                      (gloves unavailable)
MR       .....                  (boots unavailable)
Stlth    +++.......             (no amulet)
HPRegen  0.05/turn              b - +6 ring of dexterity
MPRegen  0.10/turn              (no ring)

@: lethally poisoned (-1 -> -7), quick
A: very small, no armour, no weapons or thrown items, stealth, claws 1, fangs 3,
see invisible, speed 1, shaggy fur 1, sharp paws
a: no special abilities


You were on level 2 of the Dungeon.
You visited 1 branch of the dungeon, and saw 2 of its levels.

You collected 126 gold pieces.

Inventory:

Missiles
 m - 12 arrows
Jewellery
 b - a +6 ring of dexterity (left paw)
Scrolls
 d - a scroll of immolation {unknown}
 f - a scroll of fear {unknown}
 j - a scroll of amnesia {unknown}
 k - a scroll of enchant armour {unknown}
 l - a scroll of remove curse {unknown}
Potions
 a - a potion of heal wounds {unknown}
 c - a potion of curing {unknown}
 e - a potion of brilliance {unknown}
 g - a potion of haste {unknown}
 h - a potion of stabbing {unknown}
 i - a potion of lignification {unknown}


   Skills:
 + Level 1.8 Fighting
 + Level 3.4 Dodging
 + Level 2.2 Stealth
 + Level 3.4 Unarmed Combat
 - Level 2.0 Spellcasting
 + Level 2.8 Transmutations


You had 5 spell levels left.
You knew the following spells:

 Your Spells              Type           Power        Failure   Level
a - Beastly Appendage     Tmut           #.....       8%          1

Your spell library contained the following spells:

 Spells                   Type           Power        Failure   Level
 Wereblood                Tmut           #.......     11%         2
 Spider Form              Tmut/Pois      #.........   36%         3
 Ice Form                 Ice/Tmut       #.......     78%         4
 Blade Hands              Tmut           #.........   90%         5


Dungeon Overview and Level Annotations

Branches:
Dungeon (2/15)

Altars:
Sif Muna


Innate Abilities, Weirdness & Mutations

You cannot wear armour.
You are incapable of wielding weapons or throwing items.
Your paws allow you to move quietly. (Stealth)
You have sharp claws.
You have razor-sharp teeth.
You have supernaturally acute eyesight. (SInv)
You cover ground quickly.
You are covered in fur. (AC +1)
Your sharp claws are effective at attacking unaware monsters.


Message History

* * * LOW HITPOINT WARNING * * *
You closely miss the adder.
The adder is heavily wounded.
* * * LOW HITPOINT WARNING * * *
You feel sick. The adder completely misses you.
You scratch the adder but do no damage. You headbutt the adder.
The adder is heavily wounded.
The adder misses you. The adder barely misses you.
You scratch the adder.
The adder is severely wounded.
The adder misses you.
You barely miss the adder.
The adder is severely wounded.
Your horns disappear.
* * * LOW HITPOINT WARNING * * *
You feel sick. The adder closely misses you.
You scratch the adder. Your bite misses the adder.
The adder is almost dead.
The adder bites you.
You die...

#.#.....#..... ..#
##.....##.## .. #.........#
... ##.####.....#...##
>..... ..................
...... #.....#.##...)..##
...... #.......#......###
#...###S....#.....†.....
#.....+@....#.###.######
#.....#.....#.#.....#### .
#...........#...[.......
...###............#.........
..................#.........
#.................#.........
#........................<..
#...............####........
#.........................##


You could see an adder.

Vanquished Creatures
  An adder (D:2)
  2 oozes
  A worm (D:2)
  3 dart slugs
  3 bats (D:1)
  2 giant cockroaches (D:2)
  6 goblins
  A hobgoblin (D:2)
  8 jackals (D:1)
  2 kobolds (D:1)
  A quokka (D:2)
  3 frilled lizards (D:1)
  4 rats
37 creatures vanquished.

Vanquished Creatures (others)
  4 toadstools (D:1)
4 creatures vanquished.

Grand Total: 41 creatures vanquished

Notes
Turn   | Place    | Note
-------+----------+-------------------------------------------
     0 | D:1      | Descartes the Felid Transmuter began the quest for the Orb.
     0 | D:1      | Reached XP level 1. HP: 9/9 MP: 4/4
   202 | D:1      | Reached skill level 1 in Stealth
   202 | D:1      | Reached XP level 2. HP: 8/12 MP: 6/6
   613 | D:1      | Reached XP level 3. HP: 13/15 MP: 7/7
  1257 | D:2      | Found a shimmering blue altar of Sif Muna.
  1616 | D:2      | Slain by an adder

Illustrated notes

Levels and vault maps discovered:
D:1:      dpeg_arrival_leaves_temple_mockup, layout_loops_ring, st_stairs_9,
          minmay_gold_behind_fungi
D:2:      layout_basic, led_sif_pool, overflow_temple_1_default,
          minmay_lizard_pond

Skill      XL: |  1  2  3 |
---------------+----------+-----
Stealth        | 1 2 |  2.2
Dodging        | 3 |  3.4
Fighting       | |  1.8
Unarmed Combat | |  3.4
Spellcasting   | |  2.0
Transmutations | |  2.8

Action                   || total
-------------------------++-------
Melee: Unarmed           ||   121
       Bite              ||    13
       Punch             ||     1
       Headbutt          ||     1
 Cast: Beastly Appendage ||     2
 Stab: Sleeping          ||     7
Armor: Skin              ||     7
Dodge: Dodged            ||   105

Table legend: (Time is in decaauts)
 A = Elapsed time spent in this place.
 B = Non-inter-level travel time spent in this place.
 C = Inter-level travel time spent in this place.
 D = Time resting spent in this place.
 E = Time spent auto-exploring this place.
 F = Levels seen in this place.
 G = Mean time per level.
                   A        B        C        D        E       F      G
               +--------+--------+--------+--------+--------+-----+--------+
         Total |   1459 |   1437 |     22 |      0 |   1228 |   2 |  729.5 |
       Dungeon |   1459 |   1437 |     22 |      0 |   1228 |   2 |  729.5 |
               +--------+--------+--------+--------+--------+-----+--------+

Top non-repeatable levels by time:
     D:1: 1015 daAuts
     D:2: 443 daAuts
